 Dungeon Crawl Stone Soup version 0.30.0-10-gfe55d96785 (webtiles) character file.

Game seed: 2899375555874314571

97185 dolemite99 the Necromancer (level 15, -4/122 HPs)
             Began as a Demonspawn Hunter on May 14, 2023.
             Was a High Priest of Lugonu.
             Killed from afar by Bai Suzhen (48 damage)
             ... with a torrent of water
             ... on level 3 of the Shoals.
             The game lasted 01:01:49 (34324 turns).

dolemite99 the Necromancer (Demonspawn Hunter)     Turns: 34324, Time: 01:01:49

Health: -4/122     AC: 15    Str: 11    XL:     15   Next: 71%
Magic:  0/24       EV: 23    Int: 14    God:    Lugonu [*****.]
Gold:   113        SH:  0    Dex: 24    Spells: 1/14 levels left

rFire   + . .        a - +8 storm bow {elec, penet}
rCold   + . .        (shield currently unavailable)
rNeg    + . .        d - +2 ring mail {Will+}
rPois   .            F - +2 hat of Elyvilon's Grace {rF+}
rElec   .            t - +0 cloak
rCorr   .            s - +1 pair of gloves {Dex+3}
SInv    .            (boots unavailable)
Will    ++...        j - amulet of faith
Stlth   ++           z - +5 ring of evasion {=R}
HPRegen 0.40/turn    x - ring "Niok" {rC+ rN+}
MPRegen 0.38/turn

%: guardian spirit, faith
@: hasted, very quick
A: hooves 3, spiny 2, magic shield, magic regeneration, sharp scales 2
a: Renounce Religion, Depart the Abyss, Banish, Corrupt, Enter the Abyss


You were on level 3 of the Shoals.
You worshipped Lugonu.
Lugonu was extremely pleased with you.
You visited 5 branches of the dungeon, and saw 26 of its levels.
You visited 1 bazaar.
You also visited: Sewer.

You collected 2648 gold pieces.
You spent 2535 gold pieces at shops.

Inventory:

Hand Weapons
 a - the +8 storm bow (weapon) {elec, penet}
   (You found it on level 1 of the Elven Halls)
 b - a +7 shortbow of electrocution
 n - a +2 rapier of venom
 O - a +1 short sword of freezing
 W - a +2 scimitar of flaming
 Y - a +0 dagger of electrocution
Missiles
 p - 99 poisoned darts
 S - 4 throwing nets
Armour
 d - a +2 ring mail of willpower (worn)
 s - a +1 pair of gloves of dexterity (worn)
 t - a +0 cloak (worn)
 F - the +2 hat of Elyvilon's Grace (worn) {rF+}
   (You acquired it on level 5 of the Dungeon)

   rF:        It protects you from fire.
 U - +1 acid dragon scales
Jewellery
 j - an amulet of faith (around neck)
 r - a ring of flight
 x - the ring "Niok" (right hand) {rC+ rN+}
   (You found it on level 13 of the Dungeon)

   [ring of positive energy]

   rC:        It protects you from cold.
   rN:        It protects you from negative energy.
 y - a +6 ring of dexterity
 z - a +5 ring of evasion (left hand) {=R}
 E - a ring of see invisible
 H - a ring of protection from fire
 I - a ring of protection from fire
 L - a ring of willpower
Wands
 q - a wand of flame (67)
 u - a wand of polymorph (27)
 B - a wand of roots (9)
 K - a wand of paralysis (22)
Scrolls
 c - 3 scrolls of silence
 g - 2 scrolls of amnesia
 h - a scroll of fog
 k - 2 scrolls of noise
 l - 13 scrolls of identify {@r1}
 m - 2 scrolls of blinking
 o - 5 scrolls of poison
 v - 6 scrolls of teleportation
 A - 5 scrolls of vulnerability
 G - 4 scrolls of magic mapping
 R - a scroll of brand weapon
Potions
 f - 2 potions of cancellation
 w - 5 potions of haste
 C - a potion of flight
 D - 23 potions of curing
 J - 3 potions of magic
 M - 2 potions of ambrosia
 N - 2 potions of berserk rage
 P - 2 potions of brilliance
 Q - 3 potions of might
 V - 4 potions of mutation
Miscellaneous
 e - a phial of floods (inert)
 i - a lightning rod (1/4)


   Skills:
 + Level 12.9 Fighting
 + Level 14.1 Ranged Weapons
 - Level 4.0 Armour
 + Level 10.5 Dodging
 - Level 0.8 Stealth
 - Level 15.7 Necromancy
 - Level 6.1 Poison Magic
 - Level 13.2 Invocations
 - Level 7.2 Evocations


You had one spell level left.
You knew the following spells:

 Your Spells              Type           Power      Damage    Failure   Level
a - Agony                 Necr           44%        N/A       2%          5
b - Poisonous Vapours     Pois/Air       16%        N/A       28%         2
c - Apportation           Tloc           0%         N/A       54%         1
d - Olgreb's Toxic Radia  Pois           17%        N/A       45%         4
e - Necrotise             Necr           100%       1d9       1%          1

Your spell library contained the following spells:

 Spells                   Type           Power      Damage    Failure   Level
 Kiss of Death            Conj/Necr      88%        2d12      2%          1
 Sting                    Tmut/Pois      32%        1d4       19%         1
 Shock                    Conj/Air       0%         1d3       54%         1
 Summon Small Mammal      Summ           0%         N/A       54%         1
 Dispel Undead            Necr           44%        3d17      1%          4
 Anguish                  Hex/Necr       11%        N/A       26%         4
 Blink                    Tloc           0%         N/A       69%         2
 Lesser Beckoning         Tloc           0%         N/A       69%         2
 Momentum Strike          Conj/Tloc      0%         3d8       69%         2
 Confusing Touch          Hex            0%         N/A       89%         3
 Dazzling Flash           Conj/Hex       0%         N/A       89%         3
 Frozen Ramparts          Ice            0%         1d1       89%         3
 Hailstorm                Conj/Ice       0%         3d3       89%         3
 Swiftness                Air            0%         N/A       89%         3
 Simulacrum               Ice/Necr       11%        N/A       99%         6
 Airstrike                Air            0%         2d(0-16)  100%        4
 Cause Fear               Hex            0%         N/A       100%        4
 Ice Form                 Ice/Tmut       0%         N/A       100%        4
 Summon Ice Beast         Ice/Summ       0%         N/A       100%        4
 Freezing Cloud           Conj/Ice/Air   0%         6-21      100%        5
 Metabolic Englaciation   Hex/Ice        0%         N/A       100%        5
 Silence                  Hex/Air        0%         N/A       100%        5
 Conjure Ball Lightning   Conj/Air       0%         3x3d6     100%        6
 Enfeeble                 Hex            0%         N/A       100%        7
 Discord                  Hex            0%         N/A       100%        8
 Disjunction              Tloc           0%         N/A       100%        8


Dungeon Overview and Level Annotations

Branches:
Dungeon (15/15)            Temple (0/1) D:7            Lair (5/5) D:11
 Shoals (3/4) Lair:3       Spider (0/4) Lair:3        Slime (0/5) Lair:4
    Orc (2/2) D:11            Elf (1/3) Orc:2        Vaults (0/5) D:14
 Depths (0/4) D:15          Sewer (visited)

Altars:
Ashenzari
Dithmenos
Gozag
Qazlal
Ru
Uskayaw
Xom
Yredelemnul
Jiyva
Lugonu

Shops:
D:7 !*=*   D:11 *   Orc:1 !   Orc:2 !![[

Portals:
Abyss: Lair:5

Annotations:
D:10 corrupted
Lair:3 exclusion: oklob plant
Lair:4 1 runed translucent door
Lair:5 corrupted, 2 transporters, OhItsWolfy's ghost, journeyman GrFi
Shoals:1 corrupted
Shoals:2 corrupted
Shoals:3 corrupted, Bai Suzhen
Orc:2 corrupted
Abyss:1 Harold, Snorg


Innate Abilities, Weirdness & Mutations

You have hooves in place of feet.
You are mostly covered in sharp spines.
When hurt, damage is shared between your health and your magic reserves.
You regenerate magic rapidly.
You are mostly covered in razor-sharp scales. (AC +2, Slay +2)


Message History

Bai Suzhen bites you but does no damage.
Bai Suzhen closely misses you. Bai Suzhen misses you.
Fire: a) +8 storm bow {elec, penet}
Press: ? - help, Q - select action, (/) - cycle Shift-Dir - straight line, f/p - Bai Suzhen
Aim: Bai Suzhen (severely wounded, surrounded by thunder, 89% to hit)
You shoot an arrow.
The arrow pierces through Bai Suzhen but does no damage.
Bai Suzhen is severely wounded.
The six-headed hydra is struck by your spines.
The six-headed hydra bites you!
The six-headed hydra completely misses you.
The six-headed hydra misses you.
The six-headed hydra completely misses you.
The six-headed hydra closely misses you.
The six-headed hydra completely misses you.
Bai Suzhen barely misses you.
Bai Suzhen claws you but does no damage.
Bai Suzhen barely misses you.
Fire: a) +8 storm bow {elec, penet}
Press: ? - help, Q - select action, (/) - cycle Shift-Dir - straight line, f/p - Bai Suzhen
Aim: Bai Suzhen (severely wounded, surrounded by thunder, 89% to hit)
You shoot an arrow. The arrow pierces through Bai Suzhen!!
Bai Suzhen is almost dead.
The merfolk impaler shoots a sling bullet.
The sling bullet misses you.
The sling bullet hits Bai Suzhen but does no damage.
The six-headed hydra closely misses you.
The six-headed hydra completely misses you.
The six-headed hydra barely misses you.
The six-headed hydra closely misses you.
The six-headed hydra bites you but does no damage.
The six-headed hydra closely misses you.
Fire: a) +8 storm bow {elec, penet}
Press: ? - help, Q - select action, (/) - cycle Shift-Dir - straight line, f/p - Bai Suzhen
Aim: Bai Suzhen (almost dead, surrounded by thunder, 89% to hit)
You shoot an arrow. The arrow pierces through Bai Suzhen!!
Bai Suzhen is almost dead.
Bai Suzhen breathes water at you. The torrent of water hits you!!!
You die...

.>~ ......~.. .~ ~~~.
.~.≈≈≈≈~. ..~ ~~...
....≈..~~ ..~ .....
#.......~ .~~
.....###)......~~ ~~~≈
.........§~~..~~~~ ~~≈≈
....~..§DD.~~.~~≈≈≈ ≈≈≈≈
....~..§@§~~~~~~≈≈≈≈≈≈≈≈≈
~..~~.).≈≈~~~~~~~≈≈≈≈≈≈≈~
~~.~≈~~~≈≈≈~~~~~~≈≈≈≈≈≈~P
~~~~~≈≈≈~≈≈~~~~~~≈≈≈~~...
≈~~.~≈≈≈m~~~~~~~~≈≈~~....
~~~~~≈≈≈≈~....~≈≈~~~~.###
~~~~≈≈≈≈~...~...≈~~PP.#
~~~≈≈≈≈~~.......†~PP..###
≈≈≈≈≈≈~..###...~~~PPP..P#


You could see Bai Suzhen (clouds, catching breath), a merfolk impaler and a
six-headed hydra (summoned).

Vanquished Creatures
  Jorgrun (Elf:1)
  A stone giant (D:15)
  A very ugly thing (Elf:1)
  An ironbound preserver (D:14)
  A fire dragon (Lair:5)
  A deep elf high priest (Elf:1)
  A merfolk impaler (Shoals:2)
  Fannar (Lair:1)
  A hydra (Lair:2)
  An ogre mage (D:14)
  Erica (D:9)
  An alligator snapping turtle (Shoals:2)
  A centaur warrior (D:12)
  2 two-headed ogres
  3 death yaks
  A satyr (Shoals:2)
  3 catoblepae
  2 boulder beetles
  3 tengu warriors (D:13)
  2 deep elf knights (Elf:1)
  4 skysharks
  3 sea snakes (Shoals:2)
  3 deep elf archers (Elf:1)
  2 orc knights
  2 lindwurms (Lair:5)
  A wizard (D:15)
  13 deep elf pyromancers
  12 deep elf zephyrmancers (Elf:1)
  2 harpies (Shoals:2)
  2 wolf spiders
  14 ugly things
  7 fauns (Shoals:2)
  3 orc sorcerers
  5 manticores
  6 cyclopes
  A merfolk siren (Shoals:2)
  A water nymph (Shoals:2)
  3 black mambas
  Maurice (D:11)
  6 torpor snails (Lair:5)
  2 gargoyles
  4 cane toads
  Maggie (D:6)
  3 rime drakes
  A kobold demonologist (D:12)
  9 komodo dragons
  A tengu conjurer (D:13)
  9 merfolk
  5 trolls
  A tarantella (shapeshifter) (Elf:1)
  2 wind drakes (Shoals:1)
  6 polar bears
  2 tyrant leeches (Lair:5)
  A raiju (shapeshifter) (D:14)
  3 raiju (Lair:5)
  8 blink frogs
  Grinder (D:4)
  7 hornets
  2 snapping turtles (Shoals:2)
  9 dream sheep (Lair:5)
  A slime creature (D:14)
  An air elemental (Elf:1)
  32 yaks
  5 wraiths
  A water elemental (Elf:1)
  7 wyverns
  A golden eye (shapeshifter) (D:13)
  A steam dragon (D:6)
  A redback (shapeshifter) (D:13)
  3 redbacks (Lair:3)
  6 basilisks
  14 vampire mosquitoes
  Menkaure (D:7)
  3 wargs (Lair:5)
  3 acid dragons
  20 water moccasins
  7 hell hounds (Lair:5)
  2 ice beasts
  7 black bears
  7 orc warriors
  3 sky beasts (D:8)
  4 ogres
  15 wolves
  5 centaurs
  10 bullfrogs
  2 gnoll sergeants
  5 kobold brigands
  A scorpion (D:6)
  A hornet simulacrum (D:10)
  A wight (D:9)
  12 killer bees
  An electric eel (Lair:4)
  3 howler monkeys (D:12)
  2 jellies (D:5)
  5 hounds
  12 orc priests
  A gnoll bouda (D:7)
  3 sleepcaps (D:5)
  5 iguanas
  10 orc wizards
  A mummy (D:5)
  10 gnolls
  A river rat (D:3)
  8 adders
  A shadow imp (D:6)
  An ufetubus (D:6)
  3 worms
  A dart slug (D:2)
  58 orcs
  6 ball pythons
  10 bats
  7 endoplasms
  2 giant cockroaches
  4 goblins
  7 hobgoblins
  6 jackals
  3 quokkas
  10 frilled lizards
  47 kobolds
  4 rats
611 creatures vanquished.

Vanquished Creatures (others)
  Mlioglotl (Shoals:1)
  Aizul (Shoals:3)
  3 merfolk javelineers (Shoals:3)
  4 merfolk impalers
  A hydra (Lair:5)
  An alligator snapping turtle (Shoals:2)
  2 ogre magi (Orc:2)
  9 two-headed ogres
  An iron troll (Orc:2)
  2 skysharks
  A deep troll (Orc:2)
  3 harpies (Shoals:2)
  2 manticores (Shoals:2)
  2 cyclopes (Orc:2)
  A black mamba (Lair:5)
  3 merfolk sirens
  A water nymph (Shoals:2)
  A komodo dragon (D:13)
  19 merfolk
  5 polar bears (Lair:5)
  7 trolls (Orc:2)
  2 wind drakes
  4 raiju (Lair:5)
  4 snapping turtles
  A water elemental (Shoals:3)
  3 wargs
  A water moccasin (Lair:5)
  3 hell hounds (Lair:5)
  6 orc warriors (Orc:2)
  9 black bears (Lair:5)
  16 ogres (Orc:2)
  9 wolves (Lair:5)
  8 orc priests (Orc:2)
  5 orc wizards (Orc:2)
  13 orcs (Orc:2)
  A hobgoblin (D:4)
  48 starspawn tentacles
203 creatures vanquished.

Grand Total: 814 creatures vanquished

Notes
Turn   | Place    | Note
-------+----------+-------------------------------------------
     0 | D:1      | dolemite99 the Demonspawn Hunter began the quest for the
                  | Orb.
     0 | D:1      | Reached XP level 1. HP: 16/16 MP: 1/1
   135 | D:1      | Gained mutation: You are partially covered in razor-sharp
                  | scales. (AC +1, Slay +1) [demonic ancestry]
   135 | D:1      | Reached XP level 2. HP: 22/22 MP: 2/2
   860 | D:2      | Gained mutation: You regenerate magic rapidly. [demonic
                  | ancestry]
   860 | D:2      | Reached XP level 3. HP: 27/27 MP: 3/3
  1178 | D:2      | Reached skill level 5 in Ranged Weapons
  1397 | D:2      | Found a faded altar of an unknown god.
  1404 | D:2      | Prayed at the altar of an unknown god.
  1404 | D:2      | Became a worshipper of Lugonu the Unformed
  1404 | D:2      | Reached * piety under Lugonu
  1613 | D:3      | Gained mutation: When hurt, damage is shared between your
                  | health and your magic reserves. [demonic ancestry]
  1613 | D:3      | Reached XP level 4. HP: 33/33 MP: 4/4
  1747 | D:3      | Found a glowing drain.
  1768 | Sewer    | Entered a sewer
  1828 | Sewer    | Noticed a kobold brigand
  1837 | Sewer    | Killed a kobold brigand
  1842 | Sewer    | Gained mutation: You have large cloven feet. [demonic
                  | ancestry]
  1842 | Sewer    | Reached XP level 5. HP: 17/38 MP: 2/5
  2784 | Sewer    | Reached ** piety under Lugonu
  4167 | D:3      | Found a shimmering altar of Xom.
  4170 | D:3      | Found a shimmering altar of Xom.
  4173 | D:3      | Found a shimmering altar of Xom.
  4332 | D:4      | Found a broken altar of Ashenzari.
  4335 | D:4      | Learned a level 1 spell: Apportation
  4338 | D:4      | Learned a level 2 spell: Poisonous Vapours
  4424 | D:4      | Reached XP level 6. HP: 44/44 MP: 6/6
  4684 | D:4      | Found a stormy altar of Qazlal.
  4753 | D:5      | Entered Level 5 of the Dungeon
  4755 | D:5      | Noticed Grinder
  4768 | D:4      | Paralysed by Grinder for 4 turns
  4773 | D:4      | Killed Grinder
  4990 | D:5      | Reached XP level 7. HP: 50/50 MP: 7/7
  5303 | D:5      | Reached *** piety under Lugonu
  5468 | D:5      | Identified a scroll of acquirement
  5468 | D:5      | Acquired the +2 hat of Elyvilon's Grace {rF+}
  5732 | D:6      | Found an opulent altar of Gozag.
  5775 | D:6      | Gained mutation: You have hoof-like feet. [demonic
                  | ancestry]
  5775 | D:6      | Reached XP level 8. HP: 38/56 MP: 6/8
  6025 | D:6      | Found a transporter.
  6032 | D:6      | Found a transporter.
  6150 | D:6      | Reached skill level 10 in Ranged Weapons
  6532 | D:6      | Noticed Maggie
  6540 | D:6      | Killed Maggie
  6665 | D:6      | Found a shadowy altar of Dithmenos.
  6848 | D:7      | Reached XP level 9. HP: 67/67 MP: 9/9
  6849 | D:7      | Reached **** piety under Lugonu
  7001 | D:7      | Reached skill level 5 in Fighting
  7314 | D:7      | Found Viffe's Assorted Antiques.
  7324 | D:7      | Bought a scroll of teleportation for 84 gold pieces
  7324 | D:7      | Bought 2 bubbling orange potions for 50 gold pieces
  7324 | D:7      | Bought a fuming grey potion for 25 gold pieces
  7324 | D:7      | Bought a scroll of identify for 56 gold pieces
  7333 | D:7      | Noticed Menkaure
  7339 | D:7      | Killed Menkaure
  7602 | D:7      | Found Cugu's Jewellery Shop.
  7774 | D:7      | Found a staircase to the Ecumenical Temple.
  7813 | D:7      | Found Enuyxzo's General Store.
  7816 | D:7      | Bought a potion of curing for 42 gold pieces
  7886 | D:7      | Found Qiwoiz's Distillery.
  7890 | D:7      | Bought a potion of curing for 36 gold pieces
  8071 | D:8      | Reached skill level 1 in Invocations
  8426 | D:8      | Reached skill level 5 in Invocations
  9544 | D:9      | Noticed a troll
  9549 | D:9      | Killed a troll
  9550 | D:9      | Found a basalt altar of Yredelemnul.
  9560 | D:9      | Reached XP level 10. HP: 76/77 MP: 16/16
  9641 | D:9      | Reached ***** piety under Lugonu
 10010 | D:9      | Noticed Erica
 10086 | D:9      | Reached skill level 10 in Invocations
 10139 | D:9      | Killed Erica
 10370 | D:9      | Found a hide-covered altar of Uskayaw.
 10635 | D:10     | Entered Level 10 of the Dungeon
 10673 | D:10     | Found a sacrificial altar of Ru.
 11195 | D:10     | Noticed a gargoyle
 11204 | D:10     | Killed a gargoyle
 11645 | D:10     | Noticed a two-headed ogre
 11647 | D:10     | Corrupted D:10
 11647 | D:10     | Noticed a smoke demon
 11647 | D:10     | Noticed a tentacled starspawn
 11647 | D:10     | Noticed a worldbinder
 11647 | D:10     | Noticed a flayed ghost
 11650 | D:10     | Noticed a profane servitor
 11650 | D:10     | Killed a two-headed ogre
 11651 | D:10     | Noticed a great orb of eyes
 11652 | D:10     | Noticed a large abomination
 11652 | D:10     | Noticed a rust devil
 11753 | D:11     | Noticed a manticore
 11760 | D:11     | Killed a manticore
 11764 | D:11     | Noticed Maurice
 11780 | D:11     | Killed Maurice
 12247 | D:11     | Noticed a cyclops
 12268 | D:11     | Banished a cyclops
 12269 | D:11     | Gained mutation: You are mostly covered in razor-sharp
                  | scales. (AC +2, Slay +2) [demonic ancestry]
 12269 | D:11     | Reached XP level 11. HP: 50/87 MP: 7/20
 12488 | D:11     | Found Jonkid's Neck Hole.
 12701 | D:11     | Found a staircase to the Orcish Mines.
 12727 | D:11     | Identified the +6 long sword of Soting {antimagic, rC+
                  | Will- Int+4}
 12763 | D:11     | Noticed a boulder beetle
 12780 | D:11     | Banished a boulder beetle
 12923 | D:11     | Noticed a boulder beetle
 12951 | D:11     | Killed a boulder beetle
 12952 | D:11     | Reached skill level 10 in Fighting
 13436 | D:11     | Found a staircase to the Lair.
 13508 | D:11     | Learned a level 3 spell: Dazzling Flash
 13515 | D:11     | Learned a level 4 spell: Olgreb's Toxic Radiance
 13868 | D:7      | Bought a potion of heal wounds for 140 gold pieces
 13912 | D:7      | Bought a scroll of enchant armour for 105 gold pieces
 14126 | Lair:1   | Entered Level 1 of the Lair of Beasts
 14133 | Lair:1   | Noticed a boulder beetle
 14182 | Lair:1   | Killed a boulder beetle
 15485 | Lair:1   | Reached skill level 5 in Dodging
 16086 | Lair:1   | Noticed Fannar
 16108 | Lair:1   | Killed Fannar
 16109 | Lair:1   | Gained mutation: You are partially covered in sharp spines.
                  | [demonic ancestry]
 16109 | Lair:1   | Reached XP level 12. HP: 49/102 MP: 12/21
 16789 | Lair:2   | Noticed a six-headed hydra
 16799 | Lair:2   | Killed a six-headed hydra
 16837 | Lair:2   | Noticed a catoblepas
 16853 | Lair:2   | Killed a catoblepas
 16937 | Lair:2   | Identified the +5 hand axe "Zuotz" {flame, rCorr}
 17209 | Lair:2   | Noticed Harold
 17222 | Lair:2   | Reached skill level 5 in Evocations
 17228 | Lair:2   | Banished Harold
 17887 | Lair:3   | Noticed a seven-headed hydra
 17893 | Lair:3   | Banished a seven-headed hydra
 17938 | Lair:3   | Found a staircase to the Shoals.
 17954 | Lair:3   | Reached skill level 1 in Armour
 18050 | Lair:3   | Found a hole to the Spider Nest.
 18747 | Lair:4   | Acquired a manual of Necromancy
 18807 | Lair:4   | Gained mutation: You have hooves in place of feet. [demonic
                  | ancestry]
 18807 | Lair:4   | Reached XP level 13. HP: 107/107 MP: 22/22
 18844 | Lair:4   | Reached skill level 1 in Necromancy
 18851 | Lair:4   | Reached skill level 2 in Necromancy
 18890 | Lair:4   | Reached skill level 3 in Necromancy
 19080 | Lair:4   | Found a runed translucent door.
 19084 | Lair:4   | Found a viscous altar of Jiyva.
 19084 | Lair:4   | Found a staircase to the Slime Pits.
 19092 | Lair:4   | Learned a level 1 spell: Necrotise
 19184 | Lair:4   | Reached skill level 4 in Necromancy
 19351 | Lair:4   | Reached skill level 5 in Necromancy
 19371 | Lair:4   | Got the Anthology of the Iceberg
 19689 | Lair:5   | Entered Level 5 of the Lair of Beasts
 19718 | Lair:5   | Reached skill level 6 in Necromancy
 19736 | Lair:4   | Reached skill level 7 in Necromancy
 20061 | Lair:5   | Corrupted Lair:5
 20061 | Lair:5   | Noticed a tentacled starspawn
 20061 | Lair:5   | Noticed a tentacled starspawn
 20061 | Lair:5   | Noticed a tentacled starspawn
 20077 | Lair:5   | Noticed Snorg
 20085 | Lair:5   | Banished Snorg
 20086 | Lair:5   | Reached skill level 8 in Necromancy
 20165 | Lair:5   | Reached skill level 9 in Necromancy
 20279 | Lair:5   | Reached skill level 10 in Necromancy
 20629 | Lair:5   | Reached skill level 11 in Necromancy
 20756 | Lair:5   | Reached skill level 12 in Necromancy
 20772 | Lair:5   | Found a runed translucent door.
 20776 | Lair:5   | Noticed a fire dragon
 20791 | Lair:5   | Killed a fire dragon
 20981 | Lair:5   | Paralysed by a hornet for 2 turns
 21203 | Lair:5   | Reached skill level 13 in Necromancy
 21365 | Lair:5   | Reached skill level 14 in Necromancy
 21444 | Lair:5   | Found a transporter.
 21810 | Lair:5   | Reached skill level 15 in Necromancy
 22166 | Lair:5   | Found a transporter.
 22171 | Lair:5   | Found a one-way gate to the infinite horrors of the Abyss.
 22171 | Lair:5   | Noticed OhItsWolfy's ghost (journeyman GrFi)
 22173 | Lair:5   | Identified the +5 hand axe "Dragonbane" {freeze, rPois rN++
                  | Int+3}
 22678 | D:6      | Gained mutation: You are mostly covered in sharp spines.
                  | [demonic ancestry]
 22678 | D:6      | Reached XP level 14. HP: 112/114 MP: 21/23
 22800 | D:6      | Learned a level 5 spell: Agony
 23863 | Orc:1    | Entered Level 1 of the Orcish Mines
 24298 | Orc:1    | Found Tytru's Distillery.
 24350 | Orc:1    | Bought a potion of curing for 39 gold pieces
 24350 | Orc:1    | Bought a potion of haste for 130 gold pieces
 24431 | Orc:2    | Entered Level 2 of the Orcish Mines
 24441 | Orc:2    | Corrupted Orc:2
 24441 | Orc:2    | Noticed a tentacled starspawn
 24441 | Orc:2    | Noticed a tentacled starspawn
 24441 | Orc:2    | Noticed a tentacled starspawn
 24441 | Orc:2    | Noticed a tentacled starspawn
 24446 | Orc:2    | Noticed a balrug
 24532 | Orc:2    | Found a staircase to the Elven Halls.
 24622 | Orc:2    | Found Keyteil's Antique Armour Emporium.
 24624 | Orc:2    | Found Osebrif's Antique Armour Shoppe.
 24628 | Orc:2    | Found Kaody's Distillery.
 24637 | Orc:2    | Found Heng's Distillery.
 24968 | Orc:2    | Bought a pair of dazzling gloves for 266 gold pieces
 24968 | Orc:2    | Identified the +0 pair of gloves "Qauddac" {Str+5} (You
                  | bought it in a shop on level 2 of the Orcish Mines)
 24988 | Orc:2    | Bought a shiny helmet for 210 gold pieces
 25048 | Orc:2    | Bought a glowing ring mail for 196 gold pieces
 25085 | Orc:2    | Bought a potion of heal wounds for 75 gold pieces
 25085 | Orc:2    | Bought a potion of curing for 45 gold pieces
 25085 | Orc:2    | Bought a potion of curing for 45 gold pieces
 25085 | Orc:2    | Bought a potion of curing for 45 gold pieces
 25090 | Orc:2    | Bought a potion of heal wounds for 75 gold pieces
 25090 | Orc:2    | Bought a potion of heal wounds for 75 gold pieces
 25090 | Orc:2    | Bought 2 potions of curing for 90 gold pieces
 25102 | Orc:2    | Bought a pair of glowing gloves for 262 gold pieces
 25632 | D:13     | Identified the ring "Niok" {rC+ rN+}
 26589 | D:14     | Found a gate leading to a gauntlet.
 26602 | D:14     | Noticed an ironbound preserver
 26629 | D:14     | Found a gate to the Vaults.
 26796 | D:14     | Killed an ironbound preserver
 27340 | D:14     | Found a hide-covered altar of Uskayaw.
 27662 | D:15     | Entered Level 15 of the Dungeon
 27735 | D:15     | Found a staircase to the Depths.
 27753 | D:15     | Noticed a stone giant
 27836 | D:15     | Killed a stone giant
 28399 | D:15     | Reached skill level 1 in Poison Magic
 28716 | Orc:2    | Bought a potion of cancellation for 120 gold pieces
 28716 | Orc:2    | Bought a potion of curing for 45 gold pieces
 28744 | Elf:1    | Entered Level 1 of the Elven Halls
 28755 | Elf:1    | Noticed Jorgrun
 28769 | Elf:1    | Killed Jorgrun
 29284 | Elf:1    | Paralysed by an orc sorcerer for 4 turns
 29297 | Elf:1    | Reached XP level 15. HP: 78/120 MP: 18/24
 29580 | Elf:1    | Reached skill level 5 in Poison Magic
 29784 | Elf:1    | Paralysed by an air elemental for 1 turns
 30158 | Elf:1    | Found the +8 storm bow {elec, penet}
 31712 | Shoals:1 | Entered Level 1 of the Shoals
 31895 | Shoals:1 | Noticed Mlioglotl
 31897 | Shoals:1 | Corrupted Shoals:1
 31897 | Shoals:1 | Noticed a bone dragon
 31897 | Shoals:1 | Noticed a tentacled starspawn
 31897 | Shoals:1 | Noticed a tentacled starspawn
 31901 | Shoals:1 | Noticed a tentacled starspawn
 31902 | Shoals:1 | Killed Mlioglotl
 31905 | Shoals:1 | Noticed an Executioner
 31911 | Shoals:1 | Noticed a tentacled starspawn
 32077 | Shoals:1 | You fall into a shaft and drop 1 floor!
 32078 | Shoals:2 | Corrupted Shoals:2
 32078 | Shoals:2 | Noticed an Executioner
 32078 | Shoals:2 | Noticed a bone dragon
 32100 | Shoals:2 | Reached skill level 10 in Dodging
 32153 | Shoals:2 | Noticed a tentacled starspawn
 33145 | Shoals:2 | Found a flickering gateway to a bazaar.
 33154 | Bazaar   | Entered a bazaar
 33182 | Bazaar   | Found Liloxzarikk's Book Boutique.
 33209 | Bazaar   | Found Jumun's Weapon Shop.
 33225 | Bazaar   | Found Igoss's Magic Scroll Boutique.
 33243 | Bazaar   | Found Ducash's Jewellery Shop.
 33251 | Bazaar   | Bought a ring of willpower for 225 gold pieces
 33258 | Bazaar   | Found Xireor's Distillery.
 33266 | Bazaar   | Bought a potion of curing for 54 gold pieces
 33272 | Bazaar   | Found Cinwalau's Antique Armour Shop.
 33916 | Shoals:3 | Corrupted Shoals:3
 33970 | Shoals:3 | Killed Aizul
 34306 | Shoals:3 | Noticed Bai Suzhen
 34324 | Shoals:3 | Killed from afar by Bai Suzhen

Illustrated notes

Levels and vault maps discovered:
D:1:      giann_bridges, layout_basic
D:2:      layout_basic, hellmonk_ecumenical_altar_slurped_away,
          dreamdust_princess_bridge
D:3:      layout_rooms, xom_redecorated, cheibrodos_sewer_entry_sluice,
          minivault_24, hangedman_decor_growths
D:4:      layout_cave_pools, grunt_qazlal_clouds, ashenzari_conservatory_becter
D:5:      layout_rooms, gup_ossuary_entry_pyramid, minmay_misc_feat_alley,
          uniq_grinder
D:6:      layout_layer_cave, gammafunk_temple_overflow_arena,
          nicolae_gozag_cash_rules_everything_around_me, uniq_maggie
D:7:      layout_rooms, elyvilon_altar_4, minmay_temple_entry_antechambers,
          serial_shops, nicolae_shop_tiny_statue_garden, shop,
          nicolae_shop_hallway_stairs, shop, uniq_menkaure
D:8:      layout_loops_cross, kennysheep_decorative_pillar,
          kennysheep_flooded_box
D:9:      layout_small_grid, lemuel_round_altar, yredelemnul_altar_generic,
          kennysheep_generic_room_16, uniq_erica
D:10:     layout_irregular_city, hangedman_ru_absence
D:11:     layout_roguey, minmay_lair_entry_grove, hiddenorc1_lemuel,
          nrook_campfire, nicolae_shop_sticking_my_neck_out, uniq_maurice
D:12:     layout_long_grid
D:13:     layout_roguey
D:14:     layout_roguey, skrybe_vaults_entry_preservation,
          nicolae_uskayaw_dance_hall, gauntlet_entry_generic
D:15:     grunt_enter_depths_giant_problem, layout_cave_pools, chequers_jeans,
          lemuel_flamethrower_2
Lair:1:   layout_chaotic_city, serial_bayou_shore_a, grunt_megastairs_2,
          infiniplex_staircase_pool_2, uniq_fannar
Lair:2:   layout_regular_city, uniq_harold
Lair:3:   layout_loops_ring, elwin_shoals_entry_rocks, spider_nest_entry_a,
          grunt_forest_small_clearings, minivault_27, minmay_lair_oklob_bushes
Lair:4:   layout_loops_ring, slime_entry_2, minivault_23,
          gammafunk_lair_bear_cave
Lair:5:   wormcave, layout_regular_city, hangedman_lair_caniforms_friends,
          gammafunk_ghost_abyssal_escape, uniq_snorg
Shoals:1: layout_shoals, uniq_roxanne, uniq_mlioglotl
Shoals:2: layout_shoals, serial_shops, bzr_firewalk
Shoals:3: layout_shoals, nicolae_shoals_flooded_hall, uniq_aizul,
          uniq_bai_suzhen
Orc:1:    layout_caves, serial_shops, shop, uniq_gastronok, uniq_erolcha
Orc:2:    st_orc_open, layout_caves
Elf:1:    nicolae_elf_arrival_aired_out, layout_loops_corners,
          portal_ice_cave_entry_ugly_swarm, kennysheep_underground_church,
          minivault_5, nrook_loot_triangle, lemuel_upstairs_altar, uniq_jorgrun

Skill      XL: |  1  2  3  4  5  6  7  8  9 10 11 12 13 14 15 |
---------------+----------------------------------------------+-----
Ranged Weapons | 4 5 6 7 9 10 13 14 | 14.1
Fighting       | 4 6 8 11 12 | 12.9
Invocations    | 9 13 | 13.2
Dodging        | 5 7 9 10 | 10.5
Evocations     | 7 |  7.2
Armour         | 4 |  4.0
Necromancy     | 15 | 15.7
Poison Magic   | 4 6 |  6.1
Stealth        | |  0.8

Action                     |  1- 3 |  4- 6 |  7- 9 | 10-12 | 13-15 || total
---------------------------+-------+-------+-------+-------+-------++-------
  Melee: Dagger            |       |    20 |       |       |       ||    20
   Fire: Shortbow          |   113 |   123 |   338 |   649 |   804 ||  2027
         Arbalest          |       |       |       |    10 |       ||    10
         Longbow           |       |       |       |       |   253 ||   253
  Throw: Dart              |       |       |       |    10 |       ||    10
   Cast: Necrotise         |       |       |       |       |     5 ||     5
         Agony             |       |       |       |       |     5 ||     5
 Invoke: Banish            |       |       |       |    12 |    11 ||    23
         Corrupt           |       |       |       |     1 |     5 ||     6
  Evoke: Wand              |       |       |       |    25 |    22 ||    47
         Phial of floods   |       |       |       |     1 |     4 ||     5
         Lightning rod     |       |       |       |       |     6 ||     6
    Use: Scroll            |     7 |     9 |    12 |    15 |     9 ||    52
         Potion            |       |     5 |     3 |     5 |    13 ||    26
 Armour: Ring mail         |    26 |    94 |    43 |       |    94 ||   257
         Skin              |       |    12 |       |     1 |       ||    13
         Steam dragon scal |       |       |    64 |    88 |       ||   152
         Acid dragon scale |       |       |       |    66 |    61 ||   127
  Dodge: Dodged            |    49 |    77 |   100 |   248 |   608 ||  1082
